AoeStats
← kable.xpress

Arabia

508157503Analyzed
1v1 RM · 12d ago on Sep 21, 2026· 50m 15s· 2 players
Game mode
Random Map
Map size
Tiny (2 player)
Population
200
Speed
Normal
Resources
Standard
Victory
Conquest
Starting age
Dark Age
Ending age
Imperial Age
RankedLock teamsTeams togetherTeam positionsShared explorationLock speedFull tech treeHidden civsTurbo modeCheats
Victory
Defeat
🇦🇷 Maya · Argentina
2149
+7
🇲🇽 Malay · Mexico
1932
-7
Chimirindo
6:42 Loom
9:15 Feudal Age
9:10 Man-at-Arms
15:15 Fletching
22:11 Castle Age
20:38 Padded Archer Armor
21:48 Bodkin Arrow
21:14 Elite Skirmisher
21:52 Horse Collar
22:05 Double-Bit Axe
24:56 Bow Saw
33:16 Wheelbarrow
32:26 Town Watch
32:41 Stone Mining
33:32 Gold Mining
38:36 Imperial Age
36:15 Heavy Plow
36:57 Hand Cart
39:56 Conscription
40:01 Bracer
41:52 Chemistry
42:09 Light Cavalry
42:49 Husbandry
42:56 Scale Barding Armor
48:42 Forging
51:06 Iron Casting
kable.xpress
0:26 Loom
9:21 Feudal Age
9:24 Man-at-Arms
9:52 Double-Bit Axe
15:11 Fletching
16:03 Padded Archer Armor
18:16 Town Watch
21:51 Castle Age
21:45 Horse Collar
22:28 Bodkin Arrow
22:02 Elite Skirmisher
23:15 Bow Saw
25:59 Wheelbarrow
37:30 Imperial Age
37:26 Ballistics
38:01 Hand Cart
38:44 Conscription
38:24 Bracer
39:25 Chemistry
39:49 Heavy Plow
43:44 Masonry
45:11 Scale Mail Armor
44:35 Eagle Warrior
45:15 Squires
46:13 Leather Archer Armor
46:15 Chain Mail Armor
45:21 Elite Eagle Warrior
47:27 Plate Mail Armor
47:08 Forging
47:36 Stone Mining
47:36 Gold Mining
48:16 Pikeman
48:58 Halberdier
50:45 Iron Casting
51:17 Holcans
Connection lost

Rejoining the realm…

Still unreachable

The connection could not be restored.

Session expired

The server has moved on; the page needs a fresh start.